 Dungeon Crawl Stone Soup version 0.32-a0-468-g38b2580584 (webtiles) character file.

Game seed: 3373841444650300760

374 mopl the Sneak (level 6, -4/42 HPs)
             Began as an Octopode Brigand on Feb 24, 2024.
             Slain by a phantom (6 damage)
             ... on level 4 of the Dungeon.
             The game lasted 00:03:22 (2797 turns).

mopl the Sneak (Octopode Brigand)                   Turns: 2797, Time: 00:03:22

Health: -4/42      AC:  1    Str: 17    XL:     6   Next: 72%
Magic:  15/15      EV: 13    Int: 13    God:
Gold:   163        SH:  0    Dex: 15    Spells: 5/5 levels left

rFire   . . .        a - +2 dagger
rCold   . . .        (no shield)
rNeg    . . .        (helmet restricted)
rPois   .            (no amulet)
rElec   .            k - +6 ring of strength
rCorr   .            n - ring of magical power
SInv    .            (no ring)
Will    .....        (no ring)
Stlth   ++++         (no ring)
HPRegen 0.27/turn    (no ring)
MPRegen 0.14/turn    (no ring)
                     (no ring)

%: no passive effects
@: no status effects
A: almost no armour, amphibious, 8 rings, camouflage 1, gelatinous body 1,
(nimble swimmer 1), tentacles
a: no special abilities


You were on level 4 of the Dungeon.
You visited 1 branch of the dungeon, and saw 5 of its levels.

You collected 163 gold pieces.

Inventory:

Hand Weapons
 a - a +2 dagger (weapon)
Missiles
 b - 9 poisoned darts (quivered)
 c - 8 curare-tipped darts
Jewellery
 k - a +6 ring of strength (left tentacle)
 n - a ring of magical power (right tentacle)
Talismans
 e - a serpent talisman
Scrolls
 d - 3 scrolls of identify {unknown}
 g - a scroll of teleportation {unknown}
 h - a scroll of torment {unknown}
 l - a scroll of immolation {unknown}
 m - a scroll of fear {unknown}
Potions
 f - a potion of curing {unknown}
 i - a potion of magic {unknown}
 j - a potion of invisibility {unknown}


   Skills:
 + Level 3.2 Fighting
 - Level 2.0(2.9) Short Blades
 * Level 3.3(3.6) Long Blades
 + Level 3.2 Throwing
 + Level 2.3 Dodging
 + Level 6.4 Stealth
 + Level 1.7 Shapeshifting


You had 5 spell levels left.
You didn't know any spells.
Your spell library contained the following spells:

 Spells                   Type           Power      Damage    Failure   Level
 Necrotise                Necr           0%         1d4       30%         1
 Summon Ice Beast         Ice/Summ       0%         N/A       67%         3
 Vampiric Draining        Necr           0%         2d6       67%         3
 Martyr's Knell           Necr/Summ      0%         N/A       97%         4
 Curse of Agony           Necr           0%         N/A       100%        5
 Summon Mana Viper        Hex/Summ       0%         N/A       100%        5
 Monstrous Menagerie      Summ           0%         N/A       100%        7


Dungeon Overview and Level Annotations

Branches:
Dungeon (5/15)
 Temple: D:4-7

Altars:


Innate Abilities, Weirdness & Mutations

You cannot wear most types of armour.
You are amphibious.
You can wear up to eight rings at the same time.
Your skin changes colour to match your surroundings (Stealth+).
Your rubbery body absorbs attacks. (AC +1, EV +1)
((You are camouflaged when in or above water. (Stealth+)))
You have tentacles for arms and can constrict up to eight enemies at once.


Message History

The phantom is moderately damaged.
The phantom misses you.
You closely miss the phantom.
The phantom is moderately damaged.
You hit the phantom but do no damage. Your squeeze misses the phantom.
The phantom is moderately damaged.
The phantom completely misses you.
You completely miss the phantom.
The phantom is moderately damaged.
The phantom hits you.
* * * LOW HITPOINT WARNING * * *
You hit the phantom but do no damage. Your squeeze misses the phantom.
The phantom is moderately damaged.
The phantom hits you.
* * * LOW HITPOINT WARNING * * *
The phantom blinks!
You blink.
The phantom barely misses you.
You hit the phantom.
The phantom is moderately damaged.
The phantom hits you but does no damage.
You barely miss the phantom.
The phantom is moderately damaged.
The phantom barely misses you.
You hit the phantom. Your squeeze misses the phantom.
The phantom is heavily damaged.
You hit the phantom but do no damage. Your squeeze misses the phantom.
The phantom is heavily damaged.
The phantom closely misses you.
You hit the phantom.
The phantom is heavily damaged.
The phantom hits you!
* * * LOW HITPOINT WARNING * * *
You closely miss the phantom.
The phantom is heavily damaged.
The phantom completely misses you.
You hit the phantom.
You squeeze the phantom, but do no damage.
The phantom is heavily damaged.
The phantom hits you.
You die...

#.................#..
#...........[.....#..
#.................##.
#####........<.......##.
##..##.....##..........'.
#...##.....##...##....<#.
#...#......##...##.....#.
#...#....W.......#.....#.
#...##..@..##....+....###
#..<##.....##....#....##.
#########..##......#.÷..#....'..
##.##.#..#..##.....##...##....#..
#...........##.....##...##)...###
#...........##<....##.........##.
##....##............'..........#.
#####'##.........÷.###'###.....#.
......##....##.....##...##....##.


You could see a phantom.

Vanquished Creatures
  Pargi (D:4)
  A black bear (D:4)
  2 hounds (D:4)
  An iguana (D:4)
  3 adders
  3 ribbon worms
  2 dart slugs
  An orc (D:4)
  7 ball pythons
  7 bats
  9 endoplasms
  2 giant cockroaches (D:1)
  13 goblins
  4 hobgoblins
  4 kobolds
  2 quokkas (D:4)
  5 frilled lizards
  A rat (D:1)
68 creatures vanquished.

Notes
Turn   | Place    | Note
-------+----------+-------------------------------------------
     0 | D:1      | mopl the Octopode Brigand began the quest for the Orb.
     0 | D:1      | Reached XP level 1. HP: 14/14 MP: 1/1
   142 | D:1      | Reached XP level 2. HP: 17/19 MP: 2/2
   271 | D:1      | Reached skill level 1 in Long Blades
   599 | D:2      | Reached XP level 3. HP: 5/24 MP: 3/3
   905 | D:2      | Reached XP level 4. HP: 30/30 MP: 4/4
  1476 | D:3      | Reached skill level 2 in Long Blades
  1910 | D:4      | Noticed a black bear
  1918 | D:4      | Killed a black bear
  1919 | D:4      | Reached skill level 6 in Stealth
  1919 | D:4      | Reached skill level 1 in Shapeshifting
  1919 | D:4      | Reached XP level 5. HP: 33/36 MP: 5/5
  2073 | D:4      | Reached skill level 2 in Dodging
  2084 | D:4      | Reached skill level 3 in Fighting
  2084 | D:4      | Reached XP level 6. HP: 16/42 MP: 6/6
  2191 | D:4      | Noticed Pargi
  2274 | D:4      | Killed Pargi
  2275 | D:4      | Reached skill level 3 in Long Blades
  2275 | D:4      | Reached skill level 3 in Throwing
  2762 | D:5      | Entered Level 5 of the Dungeon
  2765 | D:5      | Noticed a black bear
  2795 | D:4      | HP: 2/42 [phantom (7)]
  2797 | D:4      | Slain by a phantom

Illustrated notes

Levels and vault maps discovered:
D:1:      tarquinn_simple_flora_water_a, layout_loops_cross
D:2:      layout_rooms, serial_bayou, serial_bayou_pond_a, serial_bayou_ford_a,
          serial_bayou_shore_a, serial_bayou_pond_a
D:3:      layout_loops_ring
D:4:      layout_gridville, abandoned_shop, uniq_pargi
D:5:      layout_rooms, gammafunk_ghost_necromancy, minmay_misc_feat_nine_boxes,
          st_stairs_8, minmay_misc_feat_roman, hangedman_decor_peaks_small,
          minmay_misc_feat_square

Skill      XL: |  1  2  3  4  5  6 |
---------------+-------------------+-----
Long Blades    | 1 2 3 |  3.3
Stealth        | 6 |  6.4
Shapeshifting  | 1 |  1.7
Dodging        | 2 |  2.3
Fighting       | 3 |  3.2
Throwing       | 3 |  3.2
Short Blades   | |  2.0

Action                     |  1- 3 |  4- 6 || total
---------------------------+-------+-------++-------
  Melee: Dagger            |    61 |    93 ||   154
         Constrict         |    11 |    14 ||    25
         Tentacles         |    11 |    13 ||    24
  Throw: Dart              |       |    13 ||    13
   Stab: Sleeping          |    15 |    16 ||    31
         Distracted        |     1 |       ||     1
 Armour: Skin              |    23 |    38 ||    61
  Dodge: Dodged            |    28 |    50 ||    78

Table legend: (Time is in decaauts)
 A = Elapsed time spent in this place.
 B = Non-inter-level travel time spent in this place.
 C = Inter-level travel time spent in this place.
 D = Time resting spent in this place.
 E = Time spent auto-exploring this place.
 F = Levels seen in this place.
 G = Mean time per level.
                   A        B        C        D        E       F      G
               +--------+--------+--------+--------+--------+-----+--------+
         Total |   2775 |   2703 |     72 |    262 |   1945 |   5 |  555.0 |
       Dungeon |   2775 |   2703 |     72 |    262 |   1945 |   5 |  555.0 |
               +--------+--------+--------+--------+--------+-----+--------+

Top non-repeatable levels by time:
     D:4: 869 daAuts
     D:3: 680 daAuts
     D:2: 621 daAuts
     D:1: 586 daAuts
     D:5: 16 daAuts
